 Dungeon Crawl Stone Soup version 0.26-a0-538-ge4b5d95 (webtiles) character file.

Game seed: 369914002789976966

3 MrTaco21 the Shield-Bearer (level 1, 0/14 HPs)
             Began as a Gargoyle Fighter on Aug 14, 2020.
             Slain by a gnoll
             ... wielding a +0 whip
              (7 damage)
             ... on level 1 of the Dungeon.
             The game lasted 00:00:18 (51 turns).

MrTaco21 the Shield-Bearer (Gargoyle Fighter)         Turns: 51, Time: 00:00:19

Health: 0/14       AC:  9    Str: 19    XL:     1   Next: 50%
Magic:  1/1        EV:  7    Int:  8    God:
Gold:   0          SH:  9    Dex:  9    Spells: 0/0 levels left

rFire    . . .     SeeInvis .   a - +0 flail
rCold    . . .     Faith    .   c - +0 kite shield
rNeg     + . .     Spirit   .   b - +0 scale mail
rPois    ∞         Reflect  .   (no helmet)
rElec    +         Harm     .   (no cloak)
rCorr    .                      (no gloves)
MR       .....                  (no boots)
Stlth    ..........             (no amulet)
HPRegen  0.04/turn              (no ring)
MPRegen  0.07/turn              (no ring)

@: no status effects
A: negative energy resistance 1, electricity resistance, unbreathing,
petrification resistance, rot immunity, AC +2
a: no special abilities


You were on level 1 of the Dungeon.
You visited 1 branch of the dungeon, and saw 1 of its levels.

Inventory:

Hand Weapons
 a - a +0 flail (weapon)
Armour
 b - a +0 scale mail (worn)
 c - a +0 kite shield (worn)
Potions
 d - a potion of might
 e - a potion of stabbing {unknown}


   Skills:
 - Level 3.2 Fighting
 + Level 2.3 Maces & Flails
 - Level 3.2 Armour
 - Level 3.2 Shields


You couldn't memorise any spells.
You didn't know any spells.
Your spell library was empty.

Dungeon Overview and Level Annotations

Branches:
Dungeon (1/15)

Altars:


Innate Abilities, Weirdness & Mutations

You are resistant to torment.
Your stone body is resilient. (AC +2)
You are immune to poison.
You resist negative energy. (rN+)
You are resistant to electric shocks. (rElec)
You can survive without breathing.
You are immune to petrification.
You are immune to rotting.


Message History

No target in view!
No target in view!
Things that are here:
a +0 dagger; a kobold corpse
Found a dagger.
Found a viscous amethyst potion.
A rat comes into view.
A rat is nearby!
A rat is nearby!
Found 19 arrows.
The rat closely misses you.
You hit the rat but do no damage. The rat bites you but does no damage.
You hit the rat. You block the rat's attack. The rat closely misses you.
You closely miss the rat. The rat closely misses you.
You sock the rat!
You kill the rat!
No target in view!
No target in view!
No target in view!
No target in view!
No target in view!
No target in view!
No target in view!
No target in view!
No target in view!
No target in view!
No target in view!
e - a viscous amethyst potion A gnoll comes into view.
It is wielding a +0 whip.
The gnoll moves out of view.
No target in view!
No target in view!
No target in view!
No target in view!
No target in view!
No target in view!
No target in view!
Found 9 gold pieces.
A giant cockroach comes into view.
The gnoll hits you with a +0 whip!
Ouch! That really hurt!
* * * LOW HITPOINT WARNING * * *
You are too injured to fight recklessly!
You are too injured to fight recklessly!
You are too injured to fight recklessly!
You are too injured to fight recklessly!
You are too injured to fight recklessly!
You closely miss the gnoll. The gnoll hits you with a +0 whip!
Ouch! That really hurt!
You die...

# ## ...^... .##
........ ..# ........
.## #..s...#
##########......# #
........... ...# .#
###....###.####.##..#.#.
#....# #......@g......
###.###########.##..#.#.
........######......#
##.....................
#...............##.#.$
#.........†.....# # #.
##.####............ #.#
#.########### #). ...#


You could see a gnoll and a giant cockroach.

Vanquished Creatures
  A goblin (D:1)
  A kobold (D:1)
  2 rats (D:1)
4 creatures vanquished.

Notes
Turn   | Place    | Note
-------+----------+-------------------------------------------
     0 | D:1      | MrTaco21 the Gargoyle Fighter began the quest for the Orb.
     0 | D:1      | Reached XP level 1. HP: 14/14 MP: 1/1
    51 | D:1      | Slain by a gnoll

Illustrated notes

Levels and vault maps discovered:
D:1:      eino_arrival_cavern_a, layout_basic, chequers_jeans,
          minmay_misc_feat_enclosed

Action                   || total
-------------------------++-------
Melee: Flail             ||    11
Armor: Scale mail        ||     3
Dodge: Dodged            ||     5
Block: Kite shield       ||     5

Table legend: (Time is in decaauts)
 A = Elapsed time spent in this place.
 B = Non-inter-level travel time spent in this place.
 C = Inter-level travel time spent in this place.
 D = Time resting spent in this place.
 E = Time spent auto-exploring this place.
 F = Levels seen in this place.
 G = Mean time per level.
                   A        B        C        D        E       F      G
               +--------+--------+--------+--------+--------+-----+--------+
         Total |     54 |     54 |      0 |      0 |     28 |   1 |   54.0 |
       Dungeon |     54 |     54 |      0 |      0 |     28 |   1 |   54.0 |
               +--------+--------+--------+--------+--------+-----+--------+

Top non-repeatable levels by time:
     D:1: 54 daAuts
